Unix NetHack Version 3.7.0-97 Work-in-progress - last build Feb 8 2024 15:05:57 (6d6cdf8371b60126770a3d7b88910941cb14a054,branch:master). Game began 2024-02-23 18:58:10, ended 2024-02-23 21:17:32. spontiff, neutral male gnomish Healer ----- ----.|.-- |.......-- ------ |........| |....--- |...)....-- |....(.| |.........--- --- ---....--- --...........| |@.f ---....-- --............| --H.---- |.....-- --.............----...|..---- --.....| --..-................---...|.-- |.....| --..-....--....|...---.........| |.....| |..|........---|.....^........-- --....---- -----.-|.--.--------..............| --.|....| --.-|..|-- --- |...............---- -.| ------..---...|.-- |..............-- ----.| -------.<.............| |..............| |..%.---------........---.......---- -------...........-- |)...............-----.|........| |..--#.............| --...---------..-- |....--....| |......--..--.---..| --..| ---- ---------.-- --------------- ---- ---- --- Spontiff the Rhizotomist St:11 Dx:7 Co:18 In:9 Wi:18 Ch:16 Neutral S:450 Dlvl:10 $:22 HP:0(48) Pw:2(2) AC:-8 Xp:1/0 T:10227 Latest messages: Your stomach feels content. Your oil lamp seems about to go out. Where do you want to travel to? (For instructions type a '?') Can't find dungeon feature '>'. The large cat bites the leprechaun. The large cat misses the leprechaun. The leprechaun misses! The large cat misses the leprechaun. What do you want to use or apply? [efkostwxzS or ?*] s In what direction? l Status of the leprechaun (neutral, tiny): Level 6 HP 25(26) AC 8. The large cat bites the leprechaun. The leprechaun hits the large cat. The leprechaun just misses! The large cat bites the leprechaun. The leprechaun is killed! The leprechaun hits! You swap places with your large cat. The large cat misses the leprechaun. $ - 127 gold pieces. You see here a leprechaun corpse. The large cat bites the leprechaun. The leprechaun misses the large cat. The leprechaun hits! Your purse feels lighter. The leprechaun vanishes! The large cat eats a leprechaun corpse. Your oil lamp has gone out. You are carrying too much to get through. You feel your magical energy drain away! #oh raelly: unknown extended command. You start digging. You hit the rock with all your might. You hear some noises. You make an opening in the wall. What do you want to wield? [- e or ?*] - You are empty handed. What do you want to use or apply? [efkostwxzS or ?*] x This oil lamp has no oil. You stop. Your large cat is in the way! The minotaur hits! The minotaur hits again! The minotaur butts! The minotaur misses! The minotaur hits! The minotaur butts! You die... Do you want your possessions identified? [ynq] (y) y Do you want to see the dungeon overview? [ynq] (y) y Inventory: Coins $ - 22 gold pieces Armor h - a blessed +1 dwarvish iron helm (being worn) g - an uncursed +1 pair of leather gloves (being worn) v - an uncursed +0 pair of water walking boots (being worn) r - an uncursed +0 small shield (being worn) q - an uncursed +2 dwarvish cloak (being worn) Comestibles y - an uncursed apple n - an uncursed food ration p - an uncursed tripe ration Potions c - an uncursed potion of healing H - an uncursed potion of object detection Rings E - an uncursed ring of cold resistance Wands S - an uncursed wand of sleep (0:1) Tools f - an uncursed oilskin sack containing 24 items t - an uncursed blindfold z - an uncursed leash w - an uncursed mirror x - a blessed oil lamp e - an uncursed +0 pick-axe k - an uncursed skeleton key s - an uncursed stethoscope o - an uncursed tin whistle Gems/Stones J - an uncursed worthless piece of blue glass I - an uncursed worthless piece of red glass Contents of the oilskin sack: 593 gold pieces an uncursed +0 dart an uncursed +1 orcish helm an uncursed +2 pair of iron shoes an uncursed +0 pair of water walking boots 4 uncursed food rations an uncursed scroll of blank paper a blessed scroll of confuse monster an uncursed scroll of confuse monster an uncursed scroll of genocide an uncursed scroll of identify an uncursed spellbook of confuse monster an uncursed potion of acid an uncursed diluted potion of object detection an uncursed ring of conflict an uncursed ring of regeneration an uncursed oil lamp an uncursed oil lamp an uncursed oil lamp 3 uncursed worthless pieces of blue glass an uncursed worthless piece of orange glass an uncursed worthless piece of red glass 4 uncursed worthless pieces of violet glass an uncursed worthless piece of yellow glass Spontiff the Healer's attributes: Background: You were a Rhizotomist, a level 1 male gnomish Healer. You were neutral, on a mission for Hermes who was opposed by Athena (lawful) and Poseidon (chaotic). You were right-handed. You were in the Gnomish Mines, on level 10. You entered the dungeon 10227 turns ago. There was a full moon in effect when your adventure ended. You had 0 experience points, 20 were needed to attain level 2. Your score was 450 before end-of-game adjustments. Basics: You had 0 out of 48 hit points. You had both energy points (spell power). Your armor class was -8. Your wallet contained 22 zorkmids, and you had 593 more stashed away in your pack. Autopickup was on for '$!/="?' plus thrown, with exceptions. Final Characteristics: Your strength was 11 (limit:18/50). Your dexterity was 7 (peak:8, limit:18). Your constitution was 18 (limit:18). Your intelligence was 9 (limit:19). Your wisdom was 18 (limit:18). Your charisma was 16 (limit:18). Final Status: You weren't hungry. You were unencumbered. You were empty handed. You were unskilled in bare handed combat. Final Attributes: You were piously aligned. Your items were somewhat protected from fire. Your items were somewhat protected from cold. You were poison resistant. You had infravision. You could walk on water. You had a moderate defense bonus (+9). You were warded. You were lucky. You are dead. Miscellaneous: You never encountered a bones level. Total elapsed playing time was 2 hours, 19 minutes and 21 seconds. Major events: Turn 1: spontiff the neutral male gnomish Healer entered the dungeon 472: entered the Gnomish Mines 1434: reached Mine Town 10227: killed by a minotaur Vanquished creatures: a watch captain 4 watchmen 3 leprechauns a dingo a dog a dwarf leader a bugbear 2 wood nymphs a rock piercer a rock mole 3 ponies a yellow light 5 shriekers 4 gnome leaders a gnomish wizard a gray ooze a giant ant a little dog 15 dwarves a homunculus 7 hill orcs 4 giant bats 8 orc zombies a dwarf zombie a werejackal 13 iguanas 4 acid blobs a coyote 4 gas spores 3 hobbits 2 manes 3 large kobolds a hobgoblin 12 giant rats 5 cave spiders 3 brown molds 6 yellow molds 2 red molds 20 gnomes 2 garter snakes 2 gnome zombies 4 geckos 14 jackals 3 foxes 5 kobolds 4 goblins 5 sewer rats 22 grid bugs 2 bats 13 lichens 4 kobold zombies 14 newts 243 creatures vanquished. No species were genocided or became extinct. Voluntary challenges: You never hit with a wielded weapon. You were a pacifist. You read items or engraved 1 time. You never engraved Elbereth. You never genocided any monsters. You never polymorphed an object. You never changed form. You used no wishes. Achievements: You entered the Gnomish Mines. You entered Minetown. You entered a shop. You entered a temple. The Dungeons of Doom: levels 1 to 3 Level 1: "Stashlet" Level 2: Stairs down to The Gnomish Mines. Level 3: The Gnomish Mines: levels 3 to 10 Level 3: "magic trap" Level 4: "magic trap" Level 5: Many shops, a temple and an altar to Hermes, a fountain. Level 6: Level 7: Level 8: Level 9: Level 10: "Polytrap?" <- You were here. Final resting place for you, killed by a minotaur. Game over: ---------- / \ / REST \ / IN \ / PEACE \ / \ | spontiff | | 615 Au | | killed by a | | minotaur | | | | | | 2024 | *| * * * | * _________)/\\_//(\/(/\)/\//\/|_)_______ Goodbye spontiff the Healer... You died in The Gnomish Mines on dungeon level 10 with 450 points, and 615 pieces of gold, after 10227 moves. You were level 1 with a maximum of 48 hit points when you died.